 Dungeon Crawl Stone Soup version 0.27-a0-1189-gb8eb6cee8e (webtiles) character file.

Game seed: 5435906353910881908

1663159 Sliveroverlord the Conqueror (level 27, 288/288 HPs)
             Began as a Minotaur Berserker on May 18, 2021.
             Was a High Priest of Trog.
             Escaped with the Orb
             ... and 3 runes on May 23, 2021!
             The game lasted 06:45:28 (78623 turns).

Sliveroverlord the Conqueror (Minotaur Berserker)  Turns: 78623, Time: 06:45:29

Health: 288/288    AC: 51    Str: 28    XL:     27
Magic:  21/21      EV: 19    Int:  4    God:    Trog [*****.]
Gold:   3665       SH: 33    Dex: 18    Spells: 26/26 levels left

rFire    + + +     SeeInvis +   b - +9 broad axe (vamp)
rCold    + + .     Faith    .   B - +6 tower shield of Ashenzari's Scorn {rC+ SInv}
rNeg     . . .     Spirit   .   I - +10 crystal plate armour {rC+}
rPois    +         Reflect  .   M - +2 hat {Int+3}
rElec    +         Harm     .   (no cloak)
rCorr    .         Rampage  .   z - +1 pair of gloves of Parts Unknown {+Inv rPois Dex-4 SInv}
Will     ++++.     Rnd*Rage +   Q - +3 pair of boots of Berumadu {rF++} Stlth ..........Rnd*Tele +
                                Y - amulet of Vitality {Regen+ HP+15}
HPRegen  1.58/turn              k - ring "Tentunih" {Will+ Dex+4 Slay+3 SInv}
MPRegen  0.17/turn              d - ring "Fuenk" {rPois rF+ Will+ Str+2 Int-2}

@: no status effects
A: horns 2, retaliatory headbutt, berserk 2, dopey 1, low mp 1, electricity
resistance, teleportitis 1, subdued magic 2
0: Orb of Zot
}: 3/15 runes: serpentine, barnacled, abyssal
a: Renounce Religion, Evoke Invisibility, Berserk, Trog's Hand, Brothers in Arms


You escaped.
You worshipped Trog.
Trog was extremely pleased with you.
You visited 9 branches of the dungeon, and saw 47 of its levels.
You visited the Abyss 2 times.
You visited 1 bazaar.
You also visited: Gauntlet, Ice Cave, Wizlab and Desolation.

You collected 6874 gold pieces.
You spent 3209 gold pieces at shops.

Inventory:

Hand Weapons
 a - a +4 antimagic broad axe
 b - a +9 vampiric broad axe (weapon)
 r - a +3 broad axe of flaming
 X - a +2 war axe of freezing
 Z - the +8 war axe "Fidul" {protect, *Corrode rPois rN+ Will++}
   (You found it on level 4 of the Dungeon)

   It grants its wielder temporary protection when it strikes (+7 to AC).
   It protects you from poison.
   It protects you from negative energy.
   It may corrode you when you take damage.
   It greatly increases your willpower.
Missiles
 S - a throwing net
Armour
 h - the +10 plate armour of Cayv Gio {-Tele rElec rCorr SInv}
   (You bought it in a shop in a bazaar)

   It insulates you from electricity.
   It lets you see invisible.
   It prevents most forms of teleportation.
   It protects you from acid and corrosion.
 v - the -2 hat of the Alchemist {rElec rPois rF+ rC+ rN+ Will+ rMut rCorr}
   (You found it on level 1 of the Depths)

   It protects you from fire.
   It protects you from cold.
   It insulates you from electricity.
   It protects you from poison.
   It protects you from negative energy.
   It protects you from acid and corrosion.
   It protects you from mutation.
   It increases your willpower.
 y - +0 fire dragon scales
 z - the +1 pair of gloves of Parts Unknown (worn) {+Inv rPois Dex-4 SInv}
   (You found it on level 13 of the Dungeon)

   It affects your dexterity (-4).
   It protects you from poison.
   It lets you see invisible.
   It lets you turn invisible.
 B - the +6 tower shield of Ashenzari's Scorn (worn) {rC+ SInv}
   (You acquired it on level 1 of the Vaults)

   It protects you from cold.
   It lets you see invisible.
 D - a +1 pair of boots of flying
 F - a +2 plate armour of willpower
 I - a +10 crystal plate armour of cold resistance (worn)
 M - a +2 hat of intelligence (worn)
 Q - the +3 pair of boots of Berumadu (worn) {rF++}
   (You found it on level 2 of the Lair of Beasts)

   It greatly protects you from fire.
Jewellery
 d - the ring "Fuenk" (right hand) {rPois rF+ Will+ Str+2 Int-2}
   (You bought it in a shop in a bazaar)

   [ring of poison resistance]

   It affects your strength (+2).
   It affects your intelligence (-2).
   It protects you from fire.
   It protects you from poison.
   It increases your willpower.
 i - a ring of flight
 k - the ring "Tentunih" (left hand) {Will+ Dex+4 Slay+3 SInv}
   (You found it in the Desolation of Salt)

   [ring of see invisible]

   It affects your dexterity (+4).
   It affects your accuracy and damage with ranged weapons and melee attacks
   (+3).
   It lets you see invisible.
   It increases your willpower.
 p - a ring of positive energy
 x - a ring of willpower
 H - the ring of the Ban {rC+ Str+4 Int-5 Slay+3 SInv}
   (You found it on level 11 of the Dungeon)

   [ring of see invisible]

   It affects your strength (+4).
   It affects your intelligence (-5).
   It affects your accuracy and damage with ranged weapons and melee attacks
   (+3).
   It protects you from cold.
   It lets you see invisible.
 R - an amulet of the acrobat
 U - a +6 ring of intelligence
 W - a +4 ring of slaying
 Y - the amulet of Vitality (around neck) {Regen+ HP+15}
   (You bought it in a shop on level 2 of the Elven Halls)

   [amulet of regeneration]

   It affects your health (+15).
   It increases your rate of health regeneration.
Wands
 o - a wand of acid (16)
 t - a wand of polymorph (11)
 u - a wand of digging (13)
 G - a wand of paralysis (49)
 J - a wand of flame (115)
 N - a wand of iceblast (18)
Scrolls
 c - 3 scrolls of silence
 g - 15 scrolls of fog
 j - 5 scrolls of identify
 q - 18 scrolls of teleportation
 A - 2 scrolls of fear
 C - 5 scrolls of holy word
 K - 2 scrolls of summoning
 P - a scroll of enchant weapon
 V - 7 scrolls of blinking
Potions
 e - 6 potions of might
 f - 3 potions of heal wounds
 l - 7 potions of cancellation
 m - 4 potions of haste
 n - 10 potions of flight
 s - 17 potions of curing
 w - 5 potions of lignification
 E - 3 potions of berserk rage
 L - 4 potions of resistance
 O - 8 potions of invisibility
 T - a potion of mutation


   Skills:
 O Level 27 Fighting
 - Level 2.6(5.9) Short Blades
 - Level 9.0(9.3) Long Blades
 - Level 21.5 Axes
 - Level 1.2(14.8) Polearms
 - Level 2.9(3.0) Staves
 - Level 2.7(3.2) Slings
 - Level 2.7 Bows
 - Level 2.5 Crossbows
 - Level 2.2(2.8) Throwing
 O Level 27 Armour
 + Level 22.8 Dodging
 - Level 2.7 Stealth
 - Level 25.0 Shields
 - Level 2.8 Unarmed Combat
 - Level 2.3 Invocations
 - Level 10.2 Evocations


You had 26 spell levels left.
You didn't know any spells.
Your spell library was empty.

Dungeon Overview and Level Annotations

Branches:
Dungeon (15/15)            Temple (0/1) D:5            Lair (6/6) D:9
 Shoals (4/4) Lair:2        Snake (4/4) Lair:2        Slime (0/5) Lair:6
    Orc (2/2) D:9             Elf (2/3) Orc:2        Vaults (4/5) D:13
  Crypt (0/3) Vaults:3     Depths (5/5) D:15            Zot (5/5) Depths:5
  IceCv (visited)          WizLab (visited)         Desolation (visited)
Gauntlet (visited)

Altars:
Ashenzari
Dithmenos
Elyvilon
Fedhas
Kikubaaqudgha
Nemelex Xobeh
Okawaru
Qazlal
Ru
Trog
Uskayaw
Vehumet
Wu Jian
Xom
Yredelemnul
Zin
Beogh

Shops:
D:4 ?   D:6 *   D:8 *   D:11 *   Orc:2 (??=(   Elf:1 *   Elf:2 =   Vaults:1 =
Depths:1 [:

Portals:
Hell: Depths:1 Depths:2 Depths:3 Depths:4 Depths:5
Abyss: Depths:3 Depths:4
Pandemonium: Orc:2 Depths:2 Depths:3
Ziggurat: Depths:1
Trove: D:15 (give 9 potions of haste)

Annotations:
D:4 1 runed translucent door, MatrixGlitch's ghost, amateur DsMo
D:10 exclusion: 2 oklob saplings
D:12 2 transporters, Sergey's ghost, journeyman DEEE
Vaults:2 3 runed translucent doors, Bonn's ghost, veteran KoDe
Depths:2 exclusion: orange crystal statue
Zot:4 2 runed translucent doors, Uvyism's ghost, legendary GnMo


Innate Abilities, Weirdness & Mutations

You have a pair of horns on your head.
You reflexively headbutt those who attack you in melee.
You often lose your temper in combat.
You are dopey. (Int -2)
Your magical capacity is low. (-10% MP)
You are resistant to electric shocks. (rElec)
You are occasionally teleported next to monsters.
Your spells are easier to cast, but less powerful.


Message History

The Orb Guardian completely misses you.
You slash the Orb Guardian!
The Orb Guardian is heavily wounded.
You block the Orb Guardian's attack.
You carve the Orb Guardian like a ham!!!
You kill the Orb Guardian!
Trog accepts your kill.
You hear a shout!
There is a staircase leading out of the dungeon here.
You start waiting.
You recover from your berserk rage.
As you read the scroll of summoning, it crumbles to dust.
Wisps of shadow whirl around you...
As you read the scroll of summoning, it crumbles to dust.
Wisps of shadow whirl around you...
As you read the scroll of summoning, it crumbles to dust.
Wisps of shadow whirl around you...
Your ball python bites the plant.
The plant begins to die.
Your ball python grabs the plant.
Your ball python constricts the plant.
You start waiting.
Your ball python bites the plant.
Your ball python constricts the plant.
You start waiting.
Your ball python bites the plant.
Your ball python constricts the plant.
You start waiting.
Your ball python bites the plant.
Your ball python constricts the plant.
You start waiting.
Your ball python bites the plant.
Your ball python constricts the plant.
Your ball python bites the plant.
Your ball python constricts the plant.
You start waiting.
A nearby plant withers and dies.
Your ball python loses its grip on the plant.
You start waiting.
You hear a shout!
Your hobgoblin dissolves into shadows!
Your rat dissolves into shadows!
An ice devil comes into view.
An ice devil is nearby!
An ice devil is nearby!
You can't go down here!
Your goblin dissolves into shadows!
You have escaped!

#.# ##......###..#.##.#
#.###..##.####.....##.#
#.##..###.# ##...P.##.#
#.##.#######P#...♣..#.#
#.#..###P.'.♣#.♣....#.# #
#.#.###P♣.#P.#.P♣...#.# #
#..####P..####........# #
#..#P♣#.BJ.#.P......#.# #
#..'.P#♣@gS'......P.#.###
#..'.P#bbr.'...♣.♣.......
#..#P♣#♣...#4..P.P.#.....
#1.####♣..####...........
#...###PP.#.P#...........
##...###P.'..#.♣....#.###
#...#######♣#...♣.##.# #
##...## #P.P♣.##.###
#....#######P...###.#..


You could see an ice devil, a friendly endoplasm (summoned), a friendly giant
cockroach (summoned), a friendly hobgoblin (summoned), 2 friendly bats, a
friendly ball python (summoned) and a friendly rat (summoned).

Vanquished Creatures
  3 orbs of fire
  3 dread liches
  An ancient lich (Zot:4)
  Mara (Shoals:4)
  A juggernaut (Depths:5)
  Saint Roka (Vaults:4)
  2 curse toes
  The ghost of Zero the Eclecticist, a veteran GrCj of Vehumet (Elf:2)
  10 Killer Klowns
  Xtahua (Vaults:4)
  4 caustic shrikes
  the Enchantress (Depths:1)
  5 bone dragons
  6 golden dragons
  A Hellbinder (WizLab)
  2 Tzitzimimeh
  3 electric golems
  An iron giant (shapeshifter) (Depths:4)
  13 tentacled monstrosities
  7 liches
  Asterion (Depths:3)
  A quicksilver dragon (Zot:2)
  2 deep elf blademasters (Elf:2)
  25 Orb Guardians
  The ghost of Fopniate the Tortoise, an adept DDFi of Makhleb (Snake:1)
  4 krakens (Shoals:3)
  Polyphemus (Shoals:2)
  6 death cobs
  2 Executioners
  Gastronok (Lair:1)
  8 storm dragons
  17 tentacled starspawn
  A tengu reaver (Vaults:4)
  The ghost of Yptair the Warrior, an adept MiFi of Qazlal (Snake:1)
  The ghost of rayg00n the Nimble, an adept DjTm of Makhleb (Shoals:4)
  Donald (Shoals:4)
  8 shadow dragons
  Roxanne (Shoals:4)
  6 sphinxes
  9 nagarajas
  11 frost giants
  5 draconian monks
  4 draconian knights
  4 fire giants
  3 cacodemons
  A ghost moth (shapeshifter) (Depths:2)
  5 deep elf sorcerers
  16 vault wardens
  3 orc warlords
  7 ghost moths
  3 imperial myrmidons (Desolation)
  8 draconian scorchers
  A curse skull (Vaults:3)
  Aizul (Shoals:2)
  4 balrugs
  7 draconian shifters
  2 draconian stormcallers
  19 ironbound preservers
  An iron dragon (Depths:3)
  6 draconian annihilators
  5 spriggan defenders
  11 stone giants
  A blood saint (WizLab)
  A reaper (Abyss:3)
  26 very ugly things
  6 vampire knights
  A deep elf demonologist (Depths:3)
  7 yellow draconians
  8 black draconians
  5 green draconians
  2 lorocyprocas (WizLab)
  Azrael (Elf:2)
  An entropy weaver (Vaults:4)
  A deep elf annihilator (Vaults:1)
  6 dire elephants
  3 minotaurs
  10 purple draconians
  8 spark wasps
  A halazid warlock (Desolation)
  12 white draconians
  6 red draconians
  3 blizzard demons
  A deep elf death mage (Elf:2)
  2 green deaths (WizLab)
  15 ettins
  Josephine (Orc:1)
  11 merfolk impalers
  9 yaktaur captains
  5 jiangshi
  5 crystal guardians
  A deep elf high priest (Vaults:2)
  8 fire dragons
  12 great orbs of eyes
  6 ragged hierophants (Desolation)
  9 ice dragons
  4 salamander tyrants
  2 boulder beetles
  4 hydras
  6 servants of whispers (Desolation)
  Erolcha (Orc:1)
  19 naga warriors
  7 ironbound thunderhulks
  3 hell beasts
  10 vault guards
  6 peacekeepers
  8 spriggan air magi
  8 rakshasas
  A merfolk avatar (Shoals:3)
  3 ogre magi
  4 ironbound frosthearts
  6 merfolk aquamancers
  An alligator snapping turtle (Shoals:3)
  A death knight (Abyss:3)
  A catoblepas (Shoals:2)
  15 centaur warriors
  24 dancing weapons
  11 anacondas
  3 satyrs
  7 two-headed ogres
  9 death yaks
  8 tengu warriors
  3 hell hogs (D:2)
  11 deep troll shamans
  6 orc high priests
  7 spriggan berserkers
  23 thrashing horrors
  5 ironbound beastmasters
  7 vampire magi
  12 deep troll earth magi
  2 hell knights (Depths:3)
  18 naga sharpshooters
  A soul eater (Abyss:3)
  8 shock serpents
  7 sun demons
  11 deep elf knights
  14 iron trolls
  12 shadow wraiths
  Sonja (D:13)
  7 sixfirhies
  11 skeletal warriors
  10 wretched stars
  A golden dragon zombie (Depths:3)
  A death drake (Abyss:3)
  An infernal demonspawn (Orc:2)
  7 spatial maelstroms (Abyss:4)
  77 deep trolls
  A death drake (shapeshifter) (D:14)
  3 gelid demonspawn (Orc:2)
  3 glowing orange brains
  6 shadow demons
  An obsidian statue (Shoals:2)
  5 salamander mystics
  10 sea snakes
  4 flayed ghosts
  6 wizards
  2 swamp dragons
  4 deep elf archers
  Pikel (D:8)
  A phantasmal warrior (Abyss:4)
  5 orc knights (Orc:2)
  4 naga ritualists
  13 harpies
  15 deep elf pyromancers
  7 lindwurms
  15 ironbound convokers
  8 necromancers
  22 deep elf zephyrmancers
  A frost giant zombie (Depths:3)
  3 orb spiders
  A tengu zombie (Depths:3)
  A mana viper (shapeshifter) (Depths:1)
  9 mana vipers
  14 orc sorcerers
  A wolf spider (shapeshifter) (Depths:2)
  7 fauns
  10 cyclopes
  5 worldbinders
  14 manticores
  A moth of wrath (shapeshifter) (Abyss:4)
  16 salamanders
  35 ugly things
  43 black mambas
  27 guardian serpents
  24 naga magi
  26 moths of wrath
  2 water nymphs
  14 merfolk sirens
  5 elephants (Zot:4)
  3 rust devils
  Joseph (Lair:1)
  3 ice statues
  3 molten gargoyles (Desolation)
  17 vault sentinels
  Maurice (D:8)
  7 apocalypse crabs (Abyss:4)
  5 orange demons
  2 cane toads (shapeshifter)
  A torpor snail (shapeshifter) (Abyss:3)
  Maggie (D:8)
  18 smoke demons
  4 rime drakes (Lair:6)
  3 centaur skeletons (D:15)
  2 gargoyles
  9 cane toads
  2 minotaur zombies (Gauntlet)
  An unseen horror (Abyss:4)
  5 efreet (Abyss:4)
  5 hellions
  31 starcursed masses (Abyss:4)
  3 freezing wraiths (Abyss:4)
  A komodo dragon (shapeshifter) (D:14)
  A demonic crawler (Abyss:4)
  An elf skeleton (Depths:3)
  10 ice devils
  2 tormentors (WizLab)
  9 komodo dragons
  3 red devils
  3 kobold demonologists
  10 hellwings
  2 trolls (shapeshifter)
  47 yaktaurs
  31 merfolk
  A wind drake (shapeshifter) (D:15)
  15 ancient zymes
  2 tengu conjurers (Depths:2)
  A polar bear (Lair:6)
  9 trolls
  A queen bee (Gauntlet)
  47 saltlings (Desolation)
  9 hornets
  2 silent spectres (Abyss:4)
  A blink frog (shapeshifter) (Depths:4)
  19 blink frogs
  12 snapping turtles
  An ettin zombie (Abyss:4)
  46 slime creatures
  A tyrant leech (Gauntlet)
  6 wind drakes
  36 raiju
  A dream sheep (shapeshifter) (Vaults:3)
  21 dream sheep
  Sigmund (D:4)
  3 stone giant simulacra
  12 flying skulls
  A fire giant simulacrum (Abyss:3)
  2 shadows
  6 redbacks (Depths:3)
  A redback (shapeshifter) (Depths:3)
  8 spriggans
  3 vampires
  3 tarantellas
  2 air elementals (Elf:1)
  25 water elementals
  7 wraiths
  39 yaks
  5 basilisks
  10 ynoxinuls
  6 fire elementals
  A wyvern (Lair:2)
  7 fire bats
  50 large abominations
  20 vampire mosquitoes
  A hog (shapeshifter) (Depths:2)
  8 golden eyes (Abyss:4)
  8 humans (Zot:4)
  16 chaos spawn
  Edmund (D:5)
  11 neqoxecs
  Menkaure (D:6)
  4 steam dragons
  77 nagas
  3 wargs
  5 spatial vortices
  3 acid dragons
  2 swamp worms (Gauntlet)
  15 water moccasins
  5 hell hounds
  A floating eye (shapeshifter) (Abyss:4)
  A floating eye (Abyss:4)
  2 swamp drakes
  3 ice beasts
  A sky beast (Abyss:4)
  A black bear (shapeshifter) (Abyss:4)
  39 orc warriors
  2 black bears
  3 ogres
  A black mamba simulacrum (Abyss:4)
  12 wolves
  16 centaurs
  3 lemures (D:8)
  2 kobold brigands
  18 bullfrogs
  23 small abominations
  2 gnoll sergeants
  A wyvern zombie (D:8)
  An ogre simulacrum (Vaults:1)
  An earth elemental (Elf:2)
  A water moccasin skeleton (D:5)
  8 killer bees
  5 wights (D:9)
  3 howler monkeys (D:12)
  2 electric eels
  2 crimson imps
  5 centaur zombies
  5 quasits
  11 jellies
  A hound (D:5)
  30 orc priests
  4 iron imps
  7 iguanas
  24 orc wizards
  6 hell rats (Lair:3)
  Terence (D:3)
  3 killer bee zombies
  A hound skeleton (D:4)
  Robin (D:4)
  13 adders
  8 gnolls
  A howler monkey skeleton (D:6)
  A shadow imp (Orc:1)
  21 white imps
  12 ufetubi (IceCv)
  2 adder skeletons
  2 worms (D:2)
  2 dart slugs
  70 orcs
  22 ball pythons
  13 endoplasms
  6 giant cockroaches
  13 goblins
  14 hobgoblins
  4 jackals
  A quokka (D:2)
  6 bats
  15 frilled lizards
  14 kobolds
  2 rats (D:2)
  A lurking horror (Abyss:4)
  17 starspawn tentacles
  12 tentacles (Shoals:3)
2690 creatures vanquished.

Vanquished Creatures (collateral kills)
  An Orb Guardian (Zot:5)
  A death cob (Zot:5)
  A tengu reaver (Depths:5)
  A yellow draconian (Zot:5)
  A great orb of eyes (Depths:5)
  4 deep elf pyromancers (Elf:1)
  A chaos spawn (Abyss:3)
10 creatures vanquished.

Vanquished Creatures (others)
  A reaper (IceCv)
  An ice dragon (Depths:5)
  A death yak (Shoals:2)
  A sixfirhy (Depths:3)
  A deep troll (Depths:3)
  A harpy (Shoals:2)
  A yaktaur (Vaults:1)
  A raiju (Abyss:4)
  A ynoxinul (Abyss:4)
  A human (shapeshifter) (Depths:4)
  A small abomination (Abyss:3)
  A golden eye (Abyss:3)
  A chaos spawn (Abyss:3)
  An orc wizard (Orc:1)
  A white imp (IceCv)
  5 ufetubi (IceCv)
  A quokka (Depths:1)
  31 fungi
  2 lurking horrors (Abyss:4)
  133 plants
  33 starspawn tentacles
  50 tentacles (Shoals:3)
  4 withered plants (Depths:1)
274 creatures vanquished.

Grand Total: 2974 creatures vanquished

Notes
Turn   | Place    | Note
-------+----------+-------------------------------------------
     0 | D:1      | Sliveroverlord the Minotaur Berserker began the quest for
                  | the Orb.
     0 | D:1      | Reached XP level 1. HP: 19/19 MP: 0/0
   281 | D:1      | Reached XP level 2. HP: 27/27 MP: 1/1
  1062 | D:2      | Reached XP level 3. HP: 34/34 MP: 2/2
  1189 | D:2      | Reached ** piety under Trog
  1569 | D:2      | Reached XP level 4. HP: 41/41 MP: 3/3
  2091 | D:3      | Reached skill level 5 in Axes
  2102 | D:3      | Reached skill level 5 in Fighting
  2394 | D:3      | Reached XP level 5. HP: 48/48 MP: 4/4
  2414 | D:3      | Found a faded altar of an unknown god.
  2857 | D:3      | Noticed Terence
  2862 | D:3      | Killed Terence
  3515 | D:4      | Noticed Robin
  3521 | D:4      | Reached *** piety under Trog
  3524 | D:4      | Killed Robin
  3656 | D:4      | Found a shadowy altar of Dithmenos.
  3737 | D:4      | Found Meiq's Magic Scroll Emporium.
  3745 | D:4      | Bought a scroll of identify for 24 gold pieces
  3745 | D:4      | Bought a scroll of enchant armour for 90 gold pieces
  3745 | D:4      | Bought a scroll of teleportation for 36 gold pieces
  3868 | D:4      | Reached skill level 1 in Stealth
  3880 | D:4      | Found a sacrificial altar of Ru.
  4023 | D:4      | Noticed Sigmund
  4069 | D:4      | Killed Sigmund
  4070 | D:4      | Reached XP level 6. HP: 40/56 MP: 5/5
  4328 | D:4      | Found a radiant altar of Vehumet.
  4476 | D:4      | Identified the +8 war axe "Fidul" {protect, *Corrode rPois
                  | rN+ Will++}
  4624 | D:4      | Found a runed translucent door.
  4625 | D:4      | Noticed MatrixGlitch's ghost (amateur DsMo)
  4791 | D:5      | Entered Level 5 of the Dungeon
  4791 | D:5      | Found a staircase to the Ecumenical Temple.
  4808 | D:5      | Reached skill level 1 in Shields
  4808 | D:5      | Reached XP level 7. HP: 51/62 MP: 6/6
  4962 | D:5      | Reached skill level 5 in Armour
  5351 | D:5      | Noticed Edmund
  5361 | D:5      | Killed Edmund
  5574 | D:5      | Found a basalt altar of Yredelemnul.
  5726 | D:5      | Found a white marble altar of Elyvilon.
  5928 | D:6      | Noticed Menkaure
  5934 | D:6      | Killed Menkaure
  5935 | D:6      | Reached XP level 8. HP: 71/71 MP: 7/7
  6018 | D:6      | Found Zin's Purification Station.
  6025 | D:6      | Found a glowing silver altar of Zin.
  6120 | D:6      | Found an iron altar of Okawaru.
  6319 | D:7      | Found a sparkling altar of Nemelex Xobeh.
  6488 | D:7      | Found a bloodstained altar of Trog.
  6520 | D:7      | Reached **** piety under Trog
  6720 | D:7      | Found a stormy altar of Qazlal.
  6993 | D:8      | Noticed Maggie
  7004 | D:8      | Killed Maggie
  7303 | D:8      | Found Doepheis's Assorted Antiques.
  7388 | D:8      | Reached XP level 9. HP: 79/79 MP: 8/8
  7401 | D:8      | Reached skill level 5 in Shields
  7407 | D:8      | Reached skill level 10 in Axes
  7759 | D:8      | Noticed Maurice
  7773 | D:8      | Found a broken altar of Ashenzari.
  7949 | D:8      | Noticed Pikel
  7958 | D:8      | Killed Pikel
  8051 | D:8      | Killed Maurice
  8652 | D:9      | Reached XP level 10. HP: 80/88 MP: 9/9
  8738 | D:9      | Found a staircase to the Orcish Mines.
  9144 | D:9      | Noticed a two-headed ogre
  9163 | D:9      | Killed a two-headed ogre
  9359 | D:9      | Noticed a gargoyle
  9363 | D:9      | Killed a gargoyle
  9466 | D:9      | Reached ***** piety under Trog
  9545 | D:9      | Found a staircase to the Lair.
 10069 | D:9      | Found a shimmering altar of Xom.
 10197 | D:10     | Entered Level 10 of the Dungeon
 10235 | D:10     | Reached XP level 11. HP: 85/97 MP: 10/10
 11200 | D:10     | Found a hide-covered altar of Uskayaw.
 11346 | D:10     | Received a gift from Trog
 11347 | D:10     | Reached skill level 10 in Armour
 11976 | Lair:1   | Entered Level 1 of the Lair of Beasts
 12132 | Lair:1   | Noticed Gastronok
 12159 | Lair:1   | Reached skill level 10 in Shields
 12182 | Lair:1   | Killed Gastronok
 12494 | Lair:1   | Noticed Joseph
 12502 | Lair:1   | Killed Joseph
 13043 | Lair:2   | Reached skill level 10 in Fighting
 13043 | Lair:2   | Reached skill level 1 in Evocations
 13252 | Lair:2   | Reached XP level 12. HP: 52/106 MP: 7/11
 13471 | Lair:2   | Found a staircase to the Shoals.
 13729 | Lair:2   | Found a staircase to the Snake Pit.
 14244 | Lair:2   | Received a gift from Trog
 14389 | Lair:2   | Reached skill level 15 in Axes
 14609 | Lair:2   | Identified the +3 pair of boots of Berumadu {rF++}
 14817 | Lair:3   | Noticed a five-headed hydra
 14829 | Lair:3   | Killed a five-headed hydra
 15048 | Lair:3   | Noticed a death yak
 15048 | Lair:3   | Noticed a death yak
 15048 | Lair:3   | Noticed a death yak
 15423 | Lair:3   | You fall into a shaft and drop 2 floors!
 15512 | Lair:4   | Reached skill level 1 in Polearms
 15665 | Lair:3   | Killed a death yak
 15669 | Lair:3   | Killed a death yak
 15670 | Lair:3   | Killed a death yak
 15760 | Lair:3   | Reached XP level 13. HP: 114/116 MP: 10/12
 17364 | Lair:4   | Identified the +3 whip "Jellyslayer" {freeze, rC+ Int+3}
 18588 | Lair:6   | Entered Level 6 of the Lair of Beasts
 18767 | Lair:6   | Found a staircase to the Slime Pits.
 19431 | Lair:6   | Received a gift from Trog
 19451 | Lair:6   | Noticed a fire dragon
 19460 | Lair:6   | Killed a fire dragon
 19801 | D:11     | Identified a scroll of acquirement
 19801 | D:11     | Acquired a +1 pair of gloves of dexterity
 19831 | D:11     | Found a gate leading to a gauntlet.
 19840 | Gauntlet | Entered a Gauntlet
 19840 | Gauntlet | Found a transporter.
 19840 | Gauntlet | Found a transporter.
 19840 | Gauntlet | Found a transporter.
 19865 | Gauntlet | Found a transporter.
 19867 | Gauntlet | Found a large runed translucent door.
 19868 | Gauntlet | Found a large runed translucent door.
 19869 | Gauntlet | Found a large runed translucent door.
 19869 | Gauntlet | Found a large runed translucent door.
 19869 | Gauntlet | Found a runed translucent door.
 19869 | Gauntlet | Found a runed translucent door.
 19870 | Gauntlet | Found a large runed translucent door.
 19871 | Gauntlet | Found a large runed translucent door.
 19872 | Gauntlet | Found a large runed translucent door.
 19872 | Gauntlet | Found a large runed translucent door.
 19873 | Gauntlet | Found a runed translucent gate.
 19873 | Gauntlet | Found a runed translucent gate.
 19873 | Gauntlet | Found a runed translucent gate.
 19875 | Gauntlet | Found a transporter.
 19878 | Gauntlet | Found a transporter.
 19890 | Gauntlet | Found a transporter.
 19908 | Gauntlet | Found a runed translucent door.
 19909 | Gauntlet | Found a transporter.
 19910 | Gauntlet | Found a runed translucent door.
 19930 | Gauntlet | Found a transporter.
 19939 | Gauntlet | Found a transporter.
 19944 | Gauntlet | Found a transporter.
 19947 | Gauntlet | Found a transporter.
 19989 | Gauntlet | Found a large runed translucent door.
 19993 | Gauntlet | Found a large runed translucent door.
 20020 | Gauntlet | Found a large runed translucent door.
 20020 | Gauntlet | Found a large runed translucent door.
 20040 | Gauntlet | Found a large runed translucent door.
 20040 | Gauntlet | Found a large runed translucent door.
 20063 | Gauntlet | Identified the ring "Setuotty" {Ice rPois Will+++ Str-4
                  | Dex-3}
 20078 | Gauntlet | Reached skill level 15 in Shields
 20078 | Gauntlet | Reached skill level 5 in Evocations
 20078 | Gauntlet | Reached XP level 14. HP: 118/126 MP: 13/13
 20119 | Gauntlet | Identified the Collected Works on Unstable Conjuration
 20119 | Gauntlet | Identified Vucriupp's Papyrus of Congealing Companions
 20226 | Gauntlet | Identified the +5 ring mail "Damuu" {rN+ Str+5}
 20392 | D:11     | Found Xiti's General Store.
 20427 | D:11     | Bought a wand of digging (3) for 210 gold pieces
 20459 | D:11     | Identified the ring of the Ban {rC+ Str+4 Int-5 Slay+3
                  | SInv}
 20654 | D:11     | Reached XP level 15. HP: 134/134 MP: 14/14
 21056 | D:12     | Identified the +5 great mace of Desperation {drain, rElec
                  | rPois Stlth-}
 21057 | D:12     | Found a transporter.
 21057 | D:12     | Noticed Sergey's ghost (journeyman DEEE)
 21061 | D:12     | Found a transporter.
 21604 | D:9      | Upgraded the game from 0.27-a0-1182-gee19b5822f to
                  | 0.27-a0-1187-ge80a49f48c
 21774 | Orc:1    | Entered Level 1 of the Orcish Mines
 21884 | Orc:1    | Noticed Josephine
 21896 | Orc:1    | Killed Josephine
 21952 | Orc:1    | Noticed Erolcha
 21961 | Orc:1    | Killed Erolcha
 21982 | Orc:1    | Noticed an orc warlord
 22013 | Orc:1    | Reached ****** piety under Trog
 22102 | Orc:1    | Killed an orc warlord
 22340 | Orc:1    | Received a gift from Trog
 22558 | Orc:1    | Identified the +2 hat of Disaster {rC- Int+6}
 22838 | Orc:2    | Entered Level 2 of the Orcish Mines
 23010 | Orc:2    | Found Lukikhl Ucusa's Weapon Boutique.
 23105 | Orc:2    | Found Fixaom's Magic Scroll Shop.
 23106 | Orc:2    | Found Aceydele's Magic Scroll Boutique.
 23397 | Orc:2    | Bought a scroll of blinking for 75 gold pieces
 23397 | Orc:2    | Bought a scroll of blinking for 75 gold pieces
 23397 | Orc:2    | Bought a scroll of magic mapping for 35 gold pieces
 23429 | Orc:2    | Received a gift from Trog
 23856 | Orc:2    | Found a staircase to the Elven Halls.
 24639 | Orc:2    | Found Zoiv's Antique Weapon Emporium.
 24639 | Orc:2    | Found a one-way gate leading to the halls of Pandemonium.
 24639 | Orc:2    | Found Tocoxtog's Jewellery Shoppe.
 25149 | D:13     | Noticed Sonja
 25154 | D:13     | Killed Sonja
 25288 | D:13     | Identified the +1 pair of gloves of Parts Unknown {+Inv
                  | rPois Dex-4 SInv}
 25297 | D:13     | Identified the +0 falchion of the New World {chaos, rPois}
 25525 | D:13     | Received a gift from Trog
 25648 | D:13     | Found a gate to the Vaults.
 25744 | D:13     | Reached XP level 16. HP: 144/144 MP: 15/15
 26634 | D:13     | Reached skill level 1 in Long Blades
 27702 | D:15     | Entered Level 15 of the Dungeon
 27730 | D:15     | Found a frozen archway.
 27765 | IceCv    | Entered an ice cave
 27855 | IceCv    | Received a gift from Trog
 28019 | IceCv    | Identified the ring of Roly {Ice Str+2 Dex+3}
 28026 | IceCv    | Identified the +8 demon trident "Lebuss" {vamp, Str+4}
 28256 | D:15     | Found a portal to a secret trove of treasure.
 28449 | D:15     | Found a staircase to the Depths.
 29507 | Shoals:1 | Entered Level 1 of the Shoals
 30215 | Shoals:1 | Reached skill level 5 in Long Blades
 31034 | Shoals:2 | Identified the +5 quick blade "Nobes" {flame, Fly rPois
                  | Dex+2} (Trog gifted it to you on level 2 of the Shoals)
 31034 | Shoals:2 | Received a gift from Trog
 31267 | Shoals:2 | Reached XP level 17. HP: 110/154 MP: 16/16
 31664 | Shoals:2 | Noticed Aizul
 31678 | Shoals:2 | Killed Aizul
 31829 | Shoals:2 | Noticed Polyphemus
 31852 | Shoals:2 | Killed Polyphemus
 32021 | Shoals:2 | Reached skill level 15 in Fighting
 32583 | Shoals:2 | Received a gift from Trog
 33716 | Shoals:3 | Noticed a kraken
 33718 | Shoals:3 | Noticed a kraken
 33739 | Shoals:3 | Killed a kraken
 33751 | Shoals:3 | Noticed a kraken
 33751 | Shoals:3 | Noticed a kraken
 34218 | Shoals:3 | Killed a kraken
 34336 | Shoals:3 | Killed a kraken
 34726 | Shoals:3 | Killed a kraken
 35250 | Snake:1  | Entered Level 1 of the Snake Pit
 35829 | Snake:1  | Received a gift from Trog
 36174 | Snake:1  | Found a runed translucent gate.
 36174 | Snake:1  | Found a runed translucent gate.
 36174 | Snake:1  | Found a runed translucent gate.
 36174 | Snake:1  | Noticed Yptair's ghost (adept MiFi)
 36175 | Snake:1  | Noticed Fopniate's ghost (adept DDFi)
 36194 | Snake:1  | Killed Yptair's ghost
 36225 | Snake:1  | Killed Fopniate's ghost
 37242 | Snake:2  | Reached skill level 15 in Armour
 37247 | Snake:2  | Reached XP level 18. HP: 126/166 MP: 17/17
 37908 | Snake:2  | Identified the +7 long sword of Avamias {vorpal, Dex+2}
                  | (Trog gifted it to you on level 2 of the Snake Pit)
 37908 | Snake:2  | Received a gift from Trog
 39022 | Snake:3  | Found a hide-covered altar of Uskayaw.
 40504 | Snake:3  | Received a gift from Trog
 40747 | Elf:1    | Entered Level 1 of the Elven Halls
 40752 | Elf:1    | Found Levom's Assorted Antiques.
 40974 | Elf:1    | Cast into level 3 of the Abyss (a deep elf sorcerer)
 41157 | Abyss:3  | Noticed a dread lich
 41169 | Abyss:3  | Noticed a dread lich
 41170 | Abyss:3  | Noticed a lich
 41175 | Abyss:3  | Found a corrupted altar of Lugonu.
 41288 | Abyss:3  | Gained mutation: Your spells are a little easier to cast,
                  | but a little less powerful. [a cacodemon]
 41636 | Elf:1    | Escaped the Abyss
 41644 | Elf:1    | Received a gift from Trog
 42822 | Elf:1    | Reached XP level 19. HP: 165/177 MP: 18/18
 43255 | Elf:2    | Received a gift from Trog
 43291 | Elf:2    | Found Dailatugg's Jewellery Boutique.
 43301 | Elf:2    | Bought the amulet of Vitality {Regen+ HP+15} for 1501 gold
                  | pieces
 43301 | Elf:2    | Found the amulet of Vitality {Regen+ HP+15}
 43547 | Elf:2    | Found a runed translucent gate.
 43550 | Elf:2    | Found a runed translucent gate.
 43550 | Elf:2    | Noticed Zero's ghost (veteran GrCj)
 43551 | Elf:2    | Found a runed translucent gate.
 43552 | Elf:2    | Found an iron altar of Okawaru.
 43724 | Elf:2    | Found a large runed translucent door.
 43724 | Elf:2    | Found a large runed translucent door.
 43750 | Elf:2    | Found a large runed translucent door.
 43750 | Elf:2    | Found a large runed translucent door.
 43947 | Elf:2    | Upgraded the game from 0.27-a0-1187-ge80a49f48c to
                  | 0.27-a0-1188-g73eefd5def
 44214 | Elf:2    | Killed Zero's ghost
 44369 | Elf:2    | Identified the +1 robe of Loss {rF- rN+ Will- Str+9}
 44669 | Elf:2    | Noticed Azrael
 44677 | Elf:2    | Killed Azrael
 44677 | Elf:2    | Received a gift from Trog
 45731 | Shoals:4 | Entered Level 4 of the Shoals
 45732 | Shoals:4 | Upgraded the game from 0.27-a0-1188-g73eefd5def to
                  | 0.27-a0-1189-gb8eb6cee8e
 45837 | Shoals:4 | Identified the +1 ring mail "Wakyxtepn" {rPois Str+3}
 45863 | Shoals:4 | Noticed Mara
 45863 | Shoals:4 | Identified Roxanne's Guide on Stones
 45863 | Shoals:4 | Noticed Roxanne
 45866 | Shoals:4 | Noticed Sliveroverlord's illusion
 45987 | Shoals:4 | Noticed Sliveroverlord's illusion
 46161 | Shoals:4 | Noticed Donald
 46191 | Shoals:4 | Killed Donald
 46271 | Shoals:4 | Noticed Sliveroverlord's illusion
 46331 | Shoals:4 | Noticed Sliveroverlord's illusion
 46351 | Shoals:4 | Killed Mara
 46854 | Shoals:4 | Identified Sif Muna's Reference Book on Dark Toxins
 46874 | Shoals:4 | Found a runed translucent door.
 46875 | Shoals:4 | Noticed rayg00n's ghost (adept DjTm)
 46937 | Shoals:4 | Received a gift from Trog
 47045 | Shoals:4 | Killed rayg00n's ghost
 47048 | Shoals:4 | Identified the +3 shortbow of Execution {speed, rElec rPois
                  | rC++ Stlth-}
 47282 | Shoals:4 | Got a barnacled rune of Zot
 47567 | Shoals:4 | Reached XP level 20. HP: 137/187 MP: 19/19
 47779 | Shoals:4 | Killed Roxanne
 48083 | Snake:4  | Entered Level 4 of the Snake Pit
 48161 | Snake:4  | Identified the +4 hand axe of Xofeje {antimagic, rF+} (Trog
                  | gifted it to you on level 4 of the Snake Pit)
 48161 | Snake:4  | Received a gift from Trog
 48305 | Snake:4  | Found a flickering gateway to a bazaar.
 48317 | Bazaar   | Entered a bazaar
 48331 | Bazaar   | Found Pienijupt's Antique Armour Shoppe.
 48331 | Bazaar   | Found Ylomus's Jewellery Emporium.
 48363 | Bazaar   | Found Lugeth's Antique Weapon Shoppe.
 48363 | Bazaar   | Found Ruohohag's Jewellery Emporium.
 48390 | Bazaar   | Found Plog's Weapon Shoppe.
 48390 | Bazaar   | Found Woyl's Antique Armour Emporium.
 48461 | Bazaar   | Bought a translucent plate armour for 728 gold pieces
 48461 | Bazaar   | Identified the +10 plate armour of Cayv Gio {-Tele rElec
                  | rCorr SInv} (You bought it in a shop in a bazaar)
 48478 | Bazaar   | Bought the ring "Fuenk" {rPois rF+ Will+ Str+2 Int-2} for
                  | 435 gold pieces
 49181 | Snake:4  | Got a serpentine rune of Zot
 50003 | Vaults:1 | Entered Level 1 of the Vaults
 50045 | Vaults:1 | Found Odott's Jewellery Shoppe.
 50080 | Vaults:1 | Received a gift from Trog
 50134 | Vaults:1 | Identified the +4 trident "Juesch" {vamp, rN++}
 50589 | Vaults:1 | Reached skill level 10 in Evocations
 51074 | Vaults:1 | Received a gift from Trog
 51075 | Vaults:1 | Reached XP level 21. HP: 198/198 MP: 20/20
 51464 | Vaults:1 | Acquired the +6 tower shield of Ashenzari's Scorn {rC+
                  | SInv}
 51466 | Vaults:1 | Acquired 723 gold pieces
 51590 | Vaults:2 | Found a ruined gateway.
 51609 | Desolati | Entered the Desolation of Salt
 51749 | Desolati | Identified the +6 rapier "Opuij" {holy, rPois}
 51752 | Desolati | Identified the Collected Works on Captivating Darkness
 51788 | Desolati | Received a gift from Trog
 52184 | Desolati | Identified the +9 halberd of Hukachis {spect, rC++}
 52200 | Desolati | Identified the ring "Tentunih" {Will+ Dex+4 Slay+3 SInv}
 52202 | Desolati | Identified the +8 quarterstaff of Patterns {flame, rF++ rC-
                  | Int+4}
 52318 | Desolati | Received a gift from Trog
 52436 | Desolati | Identified Kaweghapt's Papyrus of the Glacier
 52451 | Desolati | Identified the amulet of Moodiness {Spirit Harm}
 52458 | Desolati | Identified the +3 pair of gloves of the Dropbear {rElec}
 53052 | Vaults:2 | Identified the +8 arbalest of Generosity {venom, rF+ Dex+4
                  | Stlth-}
 53361 | Vaults:2 | Found a runed translucent gate.
 53361 | Vaults:2 | Found a runed translucent gate.
 53361 | Vaults:2 | Found a runed translucent gate.
 53361 | Vaults:2 | Noticed Bonn's ghost (veteran KoDe)
 53411 | Vaults:2 | Received a gift from Trog
 54166 | Vaults:3 | Reached XP level 22. HP: 209/209 MP: 21/21
 54333 | Vaults:3 | Received a gift from Trog
 54513 | Vaults:3 | Found a staircase to the Crypt.
 55237 | Vaults:4 | Noticed Saint Roka
 55262 | Vaults:4 | Killed Saint Roka
 55346 | Vaults:4 | Noticed Xtahua
 55361 | Vaults:4 | Killed Xtahua
 55439 | Vaults:4 | Received a gift from Trog
 56155 | Vaults:4 | Received a gift from Trog
 56603 | Depths:1 | Entered Level 1 of the Depths
 56604 | Depths:1 | Found a white marble altar of Elyvilon.
 56816 | Depths:1 | Reached XP level 23. HP: 225/225 MP: 22/22
 56849 | Depths:1 | Found the -2 hat of the Alchemist {rElec rPois rF+ rC+ rN+
                  | Will+ rMut rCorr}
 56898 | Depths:1 | Found a gateway to Hell.
 57031 | Depths:1 | Found Heott's Book Shop.
 57051 | Depths:1 | Found Xaunigh's Armour Shop.
 57129 | Depths:1 | Found a gateway to a ziggurat.
 57163 | Depths:1 | Noticed the Enchantress
 57195 | Depths:1 | Killed the Enchantress
 57223 | Depths:1 | Found an ancient bone altar of Kikubaaqudgha.
 57488 | Depths:2 | Received a gift from Trog
 57986 | Depths:2 | Found a shadowy altar of Dithmenos.
 57987 | Depths:2 | Found the +2 cloak of the Thief {*Fog Slay-2 SInv Stlth+}
 58168 | Depths:2 | Identified the +9 shadow dragon scales of the Gloaming
                  | {Drain rPois rC+++ Dex-5 Stlth++++}
 58221 | Depths:2 | Received a gift from Trog
 58424 | Depths:2 | Gained mutation: You are dopey. (Int -2) [a shining eye]
 58984 | Depths:3 | Found an ornate altar of the Wu Jian Council.
 59083 | Depths:3 | Gained mutation: Your magical capacity is low. (-10% MP) [a
                  | neqoxec]
 59084 | Depths:3 | Gained mutation: You are frail. (-10% HP) [a neqoxec]
 59088 | Depths:3 | Gained mutation: Your spells are easier to cast, but less
                  | powerful. [a neqoxec]
 59127 | Depths:3 | Received a gift from Trog
 59314 | Depths:3 | Found a one-way gate to the infinite horrors of the Abyss.
 59314 | Depths:3 | Noticed a caustic shrike
 59327 | Depths:3 | Noticed Asterion
 59333 | Depths:3 | Killed a caustic shrike
 59349 | Depths:3 | Reached XP level 24. HP: 216/216 MP: 19/19
 59358 | Depths:3 | Killed Asterion
 60077 | Depths:4 | Received a gift from Trog
 60364 | Depths:4 | You fall into a shaft and drop 1 floor!
 60364 | Depths:5 | Entered Level 5 of the Depths
 60448 | Depths:5 | Found a gate to the Realm of Zot.
 60465 | Depths:5 | Found a magical portal.
 60475 | WizLab   | Entered The Hall of the Hellbinder
 60532 | WizLab   | Received a gift from Trog
 61029 | WizLab   | Found a burning altar of Makhleb.
 61065 | WizLab   | Identified the ring "Cyestim" {Int+6 SInv}
 61092 | WizLab   | Identified the ring of Feykh {rPois rC+ rCorr Dex+4}
 61094 | WizLab   | Identified the +1 cloak of the Minstrel {rPois Will+ SInv}
 61097 | WizLab   | Identified the ring "Facea" {rF- Will+ Str+7 Dex+3}
 61100 | WizLab   | Identified the ring of Xuny {rElec rPois rC- Will+ Int+6}
 61203 | Depths:5 | Noticed a juggernaut
 61215 | Depths:5 | Killed a juggernaut
 62091 | Depths:4 | Found a blossoming altar of Fedhas.
 62281 | Depths:4 | Reached XP level 25. HP: 229/229 MP: 19/19
 62294 | Depths:4 | Identified the +11 flail of Egalitarianism {flame, rN+
                  | Str+2 Dex+4} (Trog gifted it to you on level 4 of the
                  | Depths)
 62294 | Depths:4 | Received a gift from Trog
 62295 | Depths:4 | Reached skill level 27 in Fighting
 63323 | Depths:4 | Voluntarily entered the Abyss.
 63323 | Abyss:1  | Found a corrupted altar of Lugonu.
 63849 | Abyss:4  | Received a gift from Trog
 63993 | Abyss:4  | Gained mutation: You tend to lose your temper in combat. [a
                  | neqoxec]
 64516 | Abyss:4  | Received a gift from Trog
 64835 | Abyss:4  | Paralysed by accursed screaming for 1 turns
 64843 | Abyss:4  | Gained mutation: You are weak. (Str -2) [a neqoxec]
 64959 | Abyss:4  | Lost intelligence.
 65026 | Abyss:4  | Paralysed by accursed screaming for 1 turns
 65083 | Abyss:4  | Received a gift from Trog
 65103 | Abyss:4  | Reached XP level 26. HP: 239/239 MP: 19/19
 65155 | Abyss:4  | Identified the +3 scale mail "Gyffoluzxi" {Will+ Str+3
                  | Dex+2}
 65388 | Abyss:4  | Received a gift from Trog
 65428 | Abyss:4  | Noticed a dread lich
 65442 | Abyss:4  | Killed a dread lich
 65496 | Abyss:4  | Reached skill level 27 in Armour
 65510 | Abyss:4  | Found a corrupted altar of Lugonu.
 65588 | Abyss:4  | Found a corrupted altar of Lugonu.
 65614 | Abyss:4  | Reached skill level 1 in Slings
 65626 | Abyss:4  | Reached skill level 1 in Unarmed Combat
 65646 | Abyss:4  | Reached skill level 1 in Staves
 65646 | Abyss:4  | Reached skill level 1 in Bows
 65654 | Abyss:4  | Reached skill level 1 in Short Blades
 65654 | Abyss:4  | Reached skill level 1 in Crossbows
 65654 | Abyss:4  | Reached skill level 1 in Invocations
 65673 | Abyss:4  | Reached skill level 1 in Throwing
 65795 | Abyss:4  | Got an abyssal rune of Zot
 65807 | Depths:4 | Escaped the Abyss
 66007 | Zot:1    | Entered Level 1 of the Realm of Zot
 66192 | Zot:1    | Received a gift from Trog
 66193 | Zot:1    | Reached skill level 5 in Dodging
 67091 | Zot:1    | Reached skill level 10 in Dodging
 68029 | Zot:2    | Reached XP level 27. HP: 245/245 MP: 21/21
 68415 | Zot:3    | Noticed an orb of fire
 68431 | Zot:3    | Gained mutation: You are very dopey. (Int -4) [an orb of
                  | fire]
 68433 | Zot:3    | Killed an orb of fire
 68521 | Zot:3    | Identified the +1 helmet of Generosity {rCorr Str+3}
 68820 | Zot:3    | Received a gift from Trog
 68890 | Zot:3    | Reached skill level 15 in Dodging
 69781 | Zot:4    | Received a gift from Trog
 70327 | Zot:4    | Found a large runed translucent door.
 70327 | Zot:4    | Found a large runed translucent door.
 70331 | Zot:4    | Noticed Uvyism's ghost (legendary GnMo)
 70507 | Zot:5    | Entered Level 5 of the Realm of Zot
 71194 | Zot:5    | Noticed an ancient lich
 71194 | Zot:5    | Noticed an orb of fire
 71197 | Zot:5    | Noticed a dread lich
 71229 | Zot:4    | Gained mutation: You are occasionally teleported next to
                  | monsters. [an orb of fire]
 71236 | Zot:4    | Gained mutation: You are clumsy. (Dex -2) [an orb of fire]
 71239 | Zot:4    | Killed an orb of fire
 71355 | Zot:5    | Noticed an orb of fire
 71375 | Zot:4    | Killed a dread lich
 71413 | Zot:4    | Killed an ancient lich
 71425 | Zot:5    | Gained mutation: Armour fits poorly on your strangely
                  | shaped body. [an orb of fire]
 71434 | Zot:5    | Gained mutation: Your body sometimes deteriorates upon
                  | taking damage. [an orb of fire]
 71441 | Zot:4    | Gained mutation: You occasionally shout uncontrollably at
                  | your foes. [an orb of fire]
 71445 | Zot:4    | Killed an orb of fire
 71584 | Zot:5    | Noticed a dread lich
 71600 | Zot:4    | Killed a dread lich
 71660 | Zot:5    | Lost intelligence.
 73818 | Zot:1    | Lost mutation: You occasionally shout uncontrollably at
                  | your foes. [potion of mutation]
 73818 | Zot:1    | Lost mutation: You are weak. (Str -2) [potion of mutation]
 73818 | Zot:1    | Gained mutation: Your magical capacity is very low. (-20%
                  | MP) [potion of mutation]
 73818 | Zot:1    | Lost mutation: You are clumsy. (Dex -2) [potion of
                  | mutation]
 74030 | D:13     | Lost mutation: Your body sometimes deteriorates upon taking
                  | damage. [potion of mutation]
 74030 | D:13     | Lost mutation: Your magical capacity is very low. (-20% MP)
                  | [potion of mutation]
 74030 | D:13     | Lost mutation: Armour fits poorly on your strangely shaped
                  | body. [potion of mutation]
 74030 | D:13     | Gained mutation: You often lose your temper in combat.
                  | [potion of mutation]
 74030 | D:13     | Gained mutation: You are resistant to electric shocks.
                  | (rElec) [potion of mutation]
 74209 | Lair:4   | Lost mutation: You are very dopey. (Int -4) [potion of
                  | mutation]
 74209 | Lair:4   | Lost mutation: You are frail. (-10% HP) [potion of
                  | mutation]
 74928 | Zot:5    | Received a gift from Trog
 77970 | Zot:5    | Got the Orb of Zot
 78012 | Zot:3    | Noticed Laxoh the pandemonium lord
 78084 | Depths:5 | HP: 10/288 [??? (7)]
 78623 | D:$      | Escaped with the Orb!

Illustrated notes

Levels and vault maps discovered:
D:1:      denvon_arrival_planthouse, layout_basic
D:2:      minmay_diamond_boxcup, layout_basic
D:3:      layout_basic, serial_rivers, chequers_serial_rivers_small_3,
          chequers_serial_rivers_small_b, chequers_serial_rivers_marsh,
          chequers_serial_rivers_room_b, basic_ecumenical_altar,
          kennysheep_generic_room_5, uniq_terence
D:4:      layout_loops_ring, nicolae_ru_awakened_eye,
          nicolae_overflow_hidden_temple, lemuel_tele_altar,
          ebering_ghost_reflecting_pool, serial_shops, shop_fountains,
          hangedman_decor_peaks_small, minmay_lizard_king, uniq_robin,
          uniq_sigmund
D:5:      layout_basic, kennysheep_ying_yang, minmay_temple_entry_arrows,
          uniq_edmund
D:6:      layout_cave_pools, nicolae_overflow_crystal_walls, zin_purify,
          minivault_23, nicolae_underground_beach, uniq_menkaure
D:7:      layout_basic, nemelex_spade_bored_becter, kennysheep_little_box,
          lemuel_doored_altar, minmay_misc_feat_nine_boxes,
          grunt_decor_one_mirror
D:8:      layout_basic, amcnicky_altar_gilded, nicolae_ossuary_entry_monument,
          serial_shops, shop, uniq_maurice, uniq_pikel, uniq_maggie
D:9:      minmay_flawed_box, layout_irregular_city, marbit_many_paths,
          grunt_lair_entry_orc_guard_hut, orc_0_dummy
D:10:     layout_basic, lemuel_round_altar, introduction_to_nature_1
D:11:     layout_basic, gauntlet_entry_generic, serial_shops,
          nicolae_shop_stone, corner_web_ring
D:12:     layout_cave_pools, gammafunk_ghost_smash
D:13:     layout_basic, david_vaults_5, minivault_15, uniq_sonja
D:14:     layout_loops_corners
D:15:     grunt_enter_depths_magical_seal, layout_stronghold,
          nicolae_trove_entry_isolated, portal_ice_cave_entry_imps,
          hangedman_abyss_or_decor_stagger, chequers_decorated_corner
Lair:1:   layout_regular_city, uniq_gastronok, uniq_joseph
Lair:2:   layout_loops_ring, elwin_shoals_entry_stream,
          minmay_snake_entry_six_corridors, infiniplex_staircase_pool,
          serial_bayou_shore_a
Lair:3:   layout_regular_city, beast_lair_carwin_8
Lair:4:   layout_layer_cave, grunt_megastairs_2, serial_bayou_shore_b
Lair:5:   layout_cave_pods, minmay_holes, minivault_25
Lair:6:   wormcave, layout_loops_ring, guppyfry_lair_end_dragon,
          nicolae_slime_entry_slimehenge, serial_bayou_pond_a
Shoals:1: layout_shoals
Shoals:2: cheibrodos_shoals_oceanic_diplomacy, layout_shoals,
          nicolae_shoals_cliffside_cave, dpeg_stationary_puzzle, uniq_aizul,
          uniq_polyphemus
Shoals:3: layout_shoals, nicolae_shoals_kraken_party
Shoals:4: shoals_end_grunt_ice, layout_shoals, gammafunk_ghost_grave, uniq_mara,
          uniq_donald, uniq_roxanne
Snake:1:  layout_misc_corridors, gammafunk_ghost_cemetery, grunt_megastairs_4
Snake:2:  layout_chambers
Snake:3:  layout_basic, basic_altar
Snake:4:  snake_hunt, layout_misc_corridors, serial_shops, bzr_entry_dummy,
          library_closet, chequers_hall_statues_y, grunt_ministairs_12,
          st_stairs_12
Orc:1:    layout_diamond_mine, hangedman_minor_magic, uniq_josephine,
          uniq_erolcha
Orc:2:    pf_orc_diabolical, layout_caves, serial_shops, nicolae_shop_trees
Elf:1:    kennysheep_blocky_room, layout_onion_city, serial_shops,
          nicolae_shop_statue_plus, minmay_elf_sorcery
Elf:2:    layout_geoelf_diagonals, gammafunk_ghost_fury_of_okawaru,
          serial_shops, shop, uniq_azrael
Vaults:1: v_rooms_4, vaults_room_ringed_pool, nicolae_vaults_twisting_passages,
          hangedman_vaults_corner_blocks, v_misc_26,
          hangedman_vaults_corner_blocks, v_misc_29, grunt_vaults_bifocal,
          vaults_room_semicircle, nicolae_vaults_specimen_jars,
          nicolae_vaults_shelves_hall, ontoclasm_vaults_chip, serial_ice_b,
          layout_vaults_omnibox, serial_shops, shop
Vaults:2: biasface_vaults_ghost_orc_armoury, nicolae_vaults_network_quinsquares
          [nicolae_vaults_network_quincunx_subvault,
          nicolae_vaults_network_quincunx_subvault,
          nicolae_vaults_network_quincunx_subvault,
          nicolae_vaults_network_quincunx_subvault], grunt_vaults_hallway_long,
          st_octagons_1, hangedman_vaults_stream, grunt_vaults_diagonal,
          hangedman_vaults_snaps, vaults_dpeg_diagonal, vaults_dpeg_spiral,
          vaults_room_semicircle, dpeg_vaults_monster_box, v_misc_30,
          vaults_mumra_lcd, layout_vaults_maze_snakey,
          portal_desolation_entry_nicolae_slug
Vaults:3: vaults_room_door_hall, v_misc_25, nicolae_vaults_what_the_h,
          minmay_crypt_entry_simple_walls, ontoclasm_vaults_tryst, v_pattern_4,
          vaults_room_guarded_vault, vaults_room_pools, layout_vaults_omnigrid
Vaults:4: hangedman_vaults_slice, ontoclasm_vaults_decontamination, st_cells,
          vaults_room_corners, grunt_vaults_hallway_short, v_misc_27,
          hangedman_vaults_cutoff, v_misc_13, nicolae_vaults_angled_halls,
          vaults_dpeg_cross, vaults_dpeg_ring, v_misc_14, vaults_room_grid,
          v_misc_13, grunt_vaults_swirl, v_misc_2, layout_vaults_omnicross,
          uniq_saint_roka, uniq_xtahua
Depths:1: layout_cave_shapes, enter_ziggurat_e, hell_entry, elyvilon_altar_4,
          kiku_gazebo_garden_becter, minmay_shop_star, grunt_megastairs_3,
          uniq_enchantress
Depths:2: regret_index_dithmenos_brocken_genspenst, layout_cave_pools,
          pf_vacation_house_of_asmodeus, serial_bayou_ford_a, pan_entry,
          minmay_misc_feat_hallway, amcnicky_mini_corridor_feature,
          minmay_protected_statue, infiniplex_staircase_x
Depths:3: minmay_the_grid_octo_triangle [minmay_the_grid_octo_thin_diamonds,
          minmay_the_grid_octo_prize_big_c, minmay_the_grid_octo_toaster],
          layout_cave_pools, hell_entry, grunt_pan_entry_in_and_out,
          abyss_entry, minmay_crystal_water, nicolae_water_bricks, drop_trap,
          pdpol_wu_jian_five_deadly_venoms, minmay_staircase_bubble,
          uniq_asterion
Depths:4: minmay_split_circle, layout_gridlike, fedhas_altar_fruit_tree,
          hell_entry, abyss_entry_glasseish, minmay_misc_feat_columns,
          infiniplex_staircase_zigzag_3
Depths:5: evilmike_zot_entry_diamond, layout_cave_pools,
          hangedman_abyss_or_decor_stabs, pf_hell_entry_tar_spiral,
          mu_enter_wizlab_1
Zot:1:    layout_gridville
Zot:2:    layout_concentric_octagons
Zot:3:    layout_onion_interference, st_stairs_7, hangedman_spider_trapstep
Zot:4:    circus_mu, layout_misc_corridors, ebering_ghost_disaster_area
Zot:5:    layout_basic, st_stairs_8, grunt_ministairs_13

Skill      XL: |  1  2  3  4  5  6  7  8  9 10 11 12 13 14 15 16 17 18 19 20 21 22 23 24 25 26 27 |
---------------+----------------------------------------------------------------------------------+-----
Fighting       | 4 5 6 7 8 9 10 11 12 13 14 15 17 19 20 22 24 26 27 | 27.0
Axes           | 4 5 6 7 8 9 11 12 14 15 16 17 18 19 20 21 | 21.5
Armour         | 3 4 6 7 8 9 10 11 12 13 15 16 17 19 20 22 26 27 | 27.0
Stealth        | 1 2 |  2.7
Shields        | 1 3 4 6 9 11 12 15 17 19 20 21 22 23 24 25 | 25.0
Evocations     | 1 2 5 7 8 10 | 10.2
Polearms       | 1 |  1.2
Long Blades    | 6 9 |  9.0
Slings         | 2 |  2.7
Unarmed Combat | 2 |  2.8
Staves         | 2 |  2.9
Bows           | 2 |  2.7
Short Blades   | 2 |  2.6
Crossbows      | 2 |  2.5
Invocations    | 2 |  2.3
Throwing       | 2 |  2.2
Dodging        | 12 22 | 22.8

Action                   |  1- 3 |  4- 6 |  7- 9 | 10-12 | 13-15 | 16-18 | 19-21 | 22-24 | 25-27 || total
-------------------------+-------+-------+-------+-------+-------+-------+-------+-------+-------++-------
Melee: Hand axe          |    85 |   163 |       |       |       |       |       |       |       ||   248
       Headbutt          |    17 |    23 |    38 |    98 |   196 |   379 |   391 |   475 |   751 ||  2368
       War axe           |       |    10 |   130 |   404 |   715 |  1205 |   432 |       |    36 ||  2932
       Trident           |       |       |       |     8 |    17 |       |       |       |       ||    25
       Falchion          |       |       |       |       |       |    34 |       |       |       ||    34
       Broad axe         |       |       |       |       |       |   201 |  1035 |  1557 |  2103 ||  4896
Invok: Trog's Hand       |       |     1 |     2 |     2 |     3 |     6 |     9 |    20 |    25 ||    68
       Berserk           |       |     1 |       |     4 |     1 |     1 |     6 |     5 |     1 ||    19
       Brothers in Arms  |       |       |       |       |       |     1 |       |     1 |     1 ||     3
Evoke: Wand              |       |       |     1 |     5 |     1 |       |     1 |       |     3 ||    11
  Use: Scroll            |       |     6 |     8 |     4 |    14 |     4 |    12 |    11 |    14 ||    73
       Potion            |       |       |       |       |     1 |     1 |     3 |       |     5 ||    10
 Stab: Paralysed         |       |       |       |       |     1 |       |       |       |       ||     1
       Petrified         |       |       |       |       |       |     8 |       |       |       ||     8
       Petrifying        |       |       |       |       |       |     1 |       |       |       ||     1
       Distracted        |       |       |       |       |       |       |       |     2 |     2 ||     4
Armor: Animal skin       |    16 |       |       |       |       |       |       |       |       ||    16
       Scale mail        |     4 |    51 |    46 |       |       |       |       |       |       ||   101
       Chain mail        |       |       |     4 |   197 |    10 |       |       |       |       ||   211
       Plate armour      |       |       |       |       |   184 |   105 |   320 |   273 |       ||   882
       Crystal plate arm |       |       |       |       |       |   464 |   350 |   407 |   870 ||  2091
Dodge: Dodged            |    53 |    84 |    44 |   129 |   119 |   202 |   276 |   266 |   419 ||  1592
Block: Kite shield       |       |     2 |    48 |   275 |   565 |  1284 |   862 |       |       ||  3036
       Reflection        |       |       |       |       |    30 |   133 |    74 |       |       ||   237
       Tower shield      |       |       |       |       |       |       |   553 |  2233 |  2820 ||  5606
       Rpst.: Falchion   |       |       |       |       |       |     2 |       |       |       ||     2

Table legend: (Time is in decaauts)
 A = Elapsed time spent in this place.
 B = Non-inter-level travel time spent in this place.
 C = Inter-level travel time spent in this place.
 D = Time resting spent in this place.
 E = Time spent auto-exploring this place.
 F = Levels seen in this place.
 G = Mean time per level.
                   A        B        C        D        E       F      G
               +--------+--------+--------+--------+--------+-----+--------+
         Total |  78523 |  73250 |   5273 |  18404 |  32215 |  57 | 1377.6 |
       Dungeon |  18875 |  16797 |   2078 |   2600 |  11092 |  15 | 1258.3 |
          Lair |   8291 |   7624 |    667 |   1530 |   4821 |   6 | 1381.8 |
        Shoals |   7940 |   7532 |    408 |   3055 |   2644 |   4 | 1985.0 |
     Snake Pit |   6817 |   6456 |    361 |   1964 |   2884 |   4 | 1704.2 |
  Orcish Mines |   3207 |   2906 |    301 |    806 |   1322 |   2 | 1603.5 |
   Elven Halls |   4004 |   3750 |    254 |   1256 |    891 |   2 | 2002.0 |
        Vaults |   5206 |   4996 |    210 |     19 |   2492 |   4 | 1301.5 |
        Depths |   6414 |   5911 |    503 |    709 |   3229 |   5 | 1282.8 |
           Zot |  12213 |  11724 |    489 |   5946 |   2474 |   5 | 2442.6 |
         Abyss |   2894 |   2894 |      0 |    213 |    103 |   5 |  578.8 |
        Bazaar |    203 |    203 |      0 |      0 |      0 |   1 |  203.0 |
      Ice Cave |    419 |    419 |      0 |     63 |      0 |   1 |  419.0 |
        Wizlab |    626 |    626 |      0 |    194 |      0 |   1 |  626.0 |
    Desolation |   1020 |   1020 |      0 |     27 |    177 |   1 | 1020.0 |
      Gauntlet |    387 |    387 |      0 |     18 |     85 |   1 |  387.0 |
               +--------+--------+--------+--------+--------+-----+--------+

Top non-repeatable levels by time:
   Zot:4: 4889 daAuts
   Zot:5: 4009 daAuts
Shoals:2: 2769 daAuts
   Elf:2: 2181 daAuts
     D:9: 2181 daAuts
  Lair:2: 2097 daAuts
 Abyss:4: 2030 daAuts
 Snake:2: 1998 daAuts
Shoals:4: 1986 daAuts
   Orc:2: 1949 daAuts
   Elf:1: 1822 daAuts
 Snake:3: 1822 daAuts
    D:13: 1744 daAuts
 Snake:1: 1743 daAuts
     D:8: 1739 daAuts
